 Dungeon Crawl Stone Soup version bcrawl-1.17.3 (webtiles) character file.

Game seed: 15018791719868289708

46 Gumption the Slasher (level 3, -4/23 HPs)
             Began as an Avariel Reaver on Oct 22, 2019.
             Was a Follower of Vehumet.
             Slain by Sigmund
             ... wielding a +0 scythe
              (13 damage)
             ... on level 2 of the Dungeon.
             The game lasted 00:29:57 (2345 turns).

Gumption the Slasher (Avariel Reaver)               Turns: 2345, Time: 00:29:58

Health: -4/23      AC:  5    Str: 10    XL:     3   Next: 68%
Magic:  7/9        EV: 13    Int: 19    God:    Vehumet [*.....]
Gold:   128        SH:  1    Dex: 11    Spells: 7/8 levels left

rFire    . . .     SeeInvis .   a - +0 long sword
rCold    . . .     Gourm    .   (no shield)
rNeg     . . .     Faith    .   b - +0 steam dragon scales
rPois    .         Spirit   .   (no helmet)
rElec    .         Reflect  .   (no cloak)
rCorr    .         Harm     .   (no gloves)
MR       .....                  (no boots)
Stlth    +.........             (no amulet)
HPRegen  0.07/turn              (no ring)
MPRegen  0.11/turn              (no ring)

@: no status effects
A: no striking features
a: Renounce Religion


You were on level 2 of the Dungeon.
You worshipped Vehumet.
Vehumet was aware of your devotion.
You were hungry.

You visited 1 branch of the dungeon, and saw 2 of its levels.

You collected 128 gold pieces.

Inventory:

Hand Weapons
 a - a +0 long sword (weapon)
Missiles
 g - 379 sling bullets
 h - 209 stones (quivered)
Armour
 b - +0 steam dragon scales (worn)
Scrolls
 d - a scroll of immolation
 i - a scroll of enchant armour {unknown}
 j - a scroll of enchant weapon {unknown}
 k - 2 scrolls of identify {unknown}
 m - a scroll of remove curse {unknown}
 o - a scroll of blinking {unknown}
Comestibles
 e - 4 rations {!d}


   Skills:
 - Level 3.0 Fighting
 * Level 3.9 Long Blades
 + Level 0.5 Armour
 + Level 3.7 Dodging
 - Level 3.0 Spellcasting
 * Level 0.7 Conjurations
 * Level 0.5 Fire Magic


You had 7 spell levels left.
You knew the following spells:

 Your Spells              Type           Power        Failure   Level  Hunger
a - Flame Tongue          Conj/Fire      #....        12%         1    None

Your spell library contained the following spells:

 Spells                   Type           Power        Failure   Level  Hunger
 Iskenderun's Battlesphe  Conj/Chrm      #.......     98%         5    ######.


Dungeon Overview and Level Annotations

Branches:
Dungeon (2/12)

Altars:

Annotations:
D:2 Sigmund


Message History

Confirm with . or Enter, or press ? or * to list all spells.
Aiming: Flame Tongue (safe; 12% risk of failure)
Press: ? - help, Shift-Dir - straight line, f - rat
Aim: a rat The flame tongue hits the rat.
The rat is severely wounded.
The rat completely misses you. Something closely misses you.
You are feeling hungry.
There is an open door here.
You hear some strange, mumbled words.
You are confused.
You feel a little less mighty now. The rat completely misses you.
You feel a little less agile now. The rat misses you. Something hits you.
The rat bites you but does no damage.
You feel less confused. The rat completely misses you. Something hits you!
Ouch! That really hurt!
You die...

##............#.#####....# .#
#............>.#.....##### .#
#..................#.....# .#
#........##.......##.#.### .#
#.##+#'#.##........#.#.# .#
#......#.........#.#.#.# .#
#......###.#.)#..)<#.#.# .#
#......###....######.#.# .##
##.##.....@##.........#.# ..##
##........r.############.#
...###........................#
....................###########
....................#
....#...............#
....................#
....................#
....................#


You could see a rat.

Vanquished Creatures
  An ooze (D:1)
  A leopard gecko (D:1)
  5 orcs
  A ball python (D:1)
  5 bats
  A giant cockroach (D:1)
  A goblin (D:1)
  4 hobgoblins
  4 jackals
  A quokka (D:2)
  A frilled lizard (D:1)
  3 kobolds
  6 rats
34 creatures vanquished.

Notes
Turn   | Place    | Note
-------+----------+-------------------------------------------
     0 | D:1      | Gumption the Avariel Reaver began the quest for the Orb.
     0 | D:1      | Reached XP level 1. HP: 13/13 MP: 6/6
   625 | D:1      | Reached XP level 2. HP: 18/18 MP: 7/7
  1203 | D:1      | Reached * piety under Vehumet
  1203 | D:1      | Offered knowledge of Flame Tongue by Vehumet.
  1203 | D:1      | Reached XP level 3. HP: 18/22 MP: 9/9
  1217 | D:1      | Learned a level 1 spell: Flame Tongue
  1701 | D:2      | Noticed Sigmund
  2345 | D:2      | Slain by Sigmund

Skill      XL: |  1  2  3 |
---------------+----------+-----
Spellcasting   | 3 |  3.0
Fighting       | 3 |  3.0
Long Blades    | |  3.9
Armour         | |  0.5
Dodging        | |  3.7
Conjurations   | |  0.7
Fire Magic     | |  0.5

Action                   || total
-------------------------++-------
Melee: Long sword        ||   134
Throw: Stone             ||    39
 Cast: Flame Tongue      ||    10
  Use: Potion            ||     3
  Eat: Chunk             ||     4
Armor: Steam dragon scal ||    36
Dodge: Dodged            ||    97
